 Dungeon Crawl Stone Soup version 0.14-a0-102-g2341383 (webtiles) character file.

18252 Duskembrace the Nimble (level 12, 0/115 HPs)
             Began as an Ogre Hunter on Oct 2, 2013.
             Was the Champion of Okawaru.
             Succumbed to a queen ant's poison
             ... on Level 5 of the Lair of Beasts on Oct 3, 2013.
             The game lasted 01:38:51 (13580 turns).

Duskembrace the Nimble (Ogre Hunter)               Turns: 13580, Time: 01:38:52

HP   0/115       AC 18     Str 21      XL: 12   Next: 50%
MP  14/14        EV 16     Int 10      God: Okawaru [******]
Gold 575         SH 22     Dex 12      Spells:  1 memorised, 10 levels left

Res.Fire  : . . .   See Invis. : .   w - +5,+2 mace (protect)
Res.Cold  : . . .   Warding    : .   T - +3 robe of Okawaru's Delight {Str-3 Dex+2}
Life Prot.: + . .   Conserve   : .   P - +2 orc shield {reflect}
Res.Poison: .       Res.Corr.  : .   e - +2 wizard hat
Res.Elec. : +       Clarity    : .   (no cloak)
Sust.Abil.: . .     Spirit.Shd : .   (gloves unavailable)
Res.Mut.  : .       Rnd.Telep. : +   (boots unavailable)
Res.Rott. : .       Flight     : .   (no amulet)
Saprovore : + . .                    q - +2 ring of evasion
                                     a - ring "Hymun" {rN+ AC+4}

@: mildly poisoned, somewhat resistant to hostile enchantments, fairly stealthy
A: unfitting armour, fast metabolism 1, saprovore 1, electricity resistance,
teleportitis 1, tough skin 1, AC +1
a: Heroism, Finesse, Renounce Religion


You were on level 5 of the Lair of Beasts.
You worshipped Okawaru.
Okawaru was exalted by your worship.
You were not hungry.

You visited 3 branches of the dungeon, and saw 16 of its levels.

You collected 1127 gold pieces.
You spent 572 gold pieces at shops.

Inventory:

Hand weapons
 w - a +5,+2 mace of protection (weapon)
 L - a +0,+0 giant spiked club of crushing
Missiles
 c - a throwing net [falling apart] (quivered)
 F - 15 tomahawks
 J - 8 tomahawks of returning
Armour
 e - a +2 wizard hat (worn)
 l - a +0 elven robe
 P - a +2 orcish shield of reflection (worn)
 T - the cursed +3 robe of Okawaru's Delight (worn) {Str-3 Dex+2}
   (Okawaru gifted it to you on level 4 of the Lair of Beasts)

   It affects your strength (-3).
   It affects your dexterity (+2).
   It has a curse placed upon it.
Magical devices
 j - a wand of magic darts (12)
 o - a wand of digging (19) {unknown}
 y - a wand of magic darts (21)
 B - a wand of draining (6)
 H - a wand of digging (12) {unknown}
 K - a wand of slowing (11)
 R - a wand of digging (17) {unknown}
 S - a wand of confusion (9)
Comestibles
 f - 10 meat rations
 g - 5 pears
 r - an apple
 I - 7 bread rations
 Q - a slice of pizza
Scrolls
 b - 2 scrolls of fog
 i - a scroll of teleportation
 p - a scroll of holy word
 t - 2 scrolls of magic mapping
 v - 6 scrolls of remove curse
 x - 2 scrolls of recharging {unknown}
 E - 2 scrolls of blinking
 N - a scroll of amnesia
Jewellery
 a - the ring "Hymun" (left hand) {rN+ AC+4}
   (You found it on level 5 of the Lair of Beasts)

   [ring of protection]

   It affects your AC (+4).
   It protects you from negative energy.
 h - an uncursed ring of magical power
 n - an uncursed ring of teleportation
 q - a +2 ring of evasion (right hand)
 s - a +2 ring of intelligence
 z - an uncursed ring of sustain abilities
Potions
 m - 4 potions of speed
 A - a potion of agility
 D - 3 potions of cure mutation
 M - a potion of flight
Books
 C - a book of the Sky

   Spells                             Type                      Level
   Flight                             Charms/Air                   3
   Airstrike                          Air                          4
   Silence                            Hexes/Air                    5
   Deflect Missiles                   Charms/Air                   6
   Conjure Ball Lightning             Conjuration/Air              6
   Tornado                            Air                          9
 G - a book of Maledictions

   Spells                             Type                      Level
   *Corona                            Hexes                        1
   Sure Blade                         Hexes/Charms                 2
   Ensorcelled Hibernation            Hexes/Ice                    2
   Confuse                            Hexes                        3
   Enslavement                        Hexes                        4
   Invisibility                       Hexes                        6


   Skills:
 + Level 8.5 Fighting
 + Level 10.9 Maces & Flails
 + Level 10.3 Throwing
 - Level 11.5 Dodging
 + Level 4.2 Stealth
 * Level 6.3 Shields
 + Level 1.5 Invocations


You had 10 spell levels left.
You knew the following spells:

 Your Spells              Type           Power        Failure   Level  Hunger
a - Corona                Hex            #......      38%         1    ##.....


Dungeon Overview and Level Annotations

Branches:
Dungeon (10/27)            Temple (1/1) D:5             Orc (0/4) D:7
   Lair (5/8) D:10
  Swamp: Lair:3-6    Shoals: Lair:3-6     Snake: Lair:3-6    Spider: Lair:3-6

Altars:
Ashenzari
Cheibriados
Elyvilon
Fedhas
Kikubaaqudgha
Makhleb
Nemelex Xobeh
Okawaru
Sif Muna
Trog
Vehumet
Xom
Yredelemnul
Zin
the Shining One

Shops:
D:10 ?


Innate Abilities, Weirdness & Mutations

You are too large for most types of armour.
You have a fast metabolism.
You can tolerate rotten meat.
You have tough skin (AC +1).
You are partially covered in molten scales (AC +1).
You are resistant to electric shocks.
Space occasionally distorts in your vicinity.


Message History

You feel sick.
* * * LOW HITPOINT WARNING * * *
You feel sick.
Drink which item? (? for menu, Esc to quit)
Okay, then.
* * * LOW HITPOINT WARNING * * *
You feel sick.
* * * LOW HITPOINT WARNING * * *
You feel sick.
* * * LOW HITPOINT WARNING * * *
You feel sick.
You feel a little better.
* * * LOW HITPOINT WARNING * * *
You feel sick.
* * * LOW HITPOINT WARNING * * *
You feel sick.
* * * LOW HITPOINT WARNING * * *
You feel sick.
You feel a little better.
You die...

♣§♣♣............#..
♣...........#..f...
##................
#.............##..
##...........###.. # ###
###.........[#.##...
.#f#PP###.###.############..
#.............# ##.
...........@..# #.
#.............## ##
#............##
##P##.#.#...## # ###...# #
#.### # # # #.##...# ..#.
#.. #.....## ##.a. ...##
####..# ...a ....


There were no monsters in sight!

Vanquished Creatures
  An unseen horror (D:10)
  Erolcha (D:8)
  A black mamba (Lair:3)
  6 elephants (Lair:4)
  4 spiny frogs
  A queen ant (Lair:5)
  A komodo dragon (Lair:2)
  9 blink frogs
  A wandering mushroom (Lair:3)
  A basilisk (Lair:2)
  2 trapdoor spiders (D:10)
  15 yaks
  2 hungry ghosts (D:9)
  Eustachio (D:5)
  An elephant slug (Lair:3)
  Menkaure (D:5)
  5 wolves (Lair:4)
  3 soldier ants (Lair:5)
  2 orc warriors
  A black bear (Lair:4)
  6 porcupines
  3 sky beasts
  2 giant goldfish (Lair:3)
  8 crocodiles
  5 ogres
  An ice beast (D:10)
  Duvessa (D:9)
  A centaur (D:6)
  3 water moccasins
  A giant slug (Lair:3)
  9 giant frogs
  2 agate snails (Lair:3)
  18 big kobolds (D:7)
  A cyclops zombie (D:10)
  A hippogriff skeleton (D:8)
  5 wights (D:9)
  4 crimson imps
  A quasit (D:10)
  Dowan (D:9)
  2 goliath beetles
  3 hounds
  2 centaur zombies (D:8)
  5 orc wizards
  6 big fish (Lair:3)
  A centaur skeleton (D:5)
  3 iguanas
  A jelly (D:9)
  4 orc priests
  7 worker ants
  2 scorpions
  Ijyb (D:7)
  Jessica (D:2)
  A big kobold skeleton (D:9)
  11 green rats
  15 adders
  3 giant centipedes
  3 worms
  An iguana skeleton (D:8)
  2 giant eyeballs
  8 giant geckos
  26 orcs
  A bat skeleton (D:7)
  2 bat zombies
  6 giant cockroaches
  15 hobgoblins
  5 jackals
  20 kobolds
  7 quokkas
  3 ball pythons
  14 bats
  3 giant newts (D:1)
  10 goblins
  A kobold zombie (D:6)
  An orc skeleton (D:7)
  A quokka zombie (D:7)
  12 rats
341 creatures vanquished.

Vanquished Creatures (others)
  5 fungi
5 creatures vanquished.

Grand Total: 346 creatures vanquished

Notes
Turn   | Place    | Note
--------------------------------------------------------------
     0 | D:1      | Duskembrace, the Ogre Hunter, began the quest for the Orb.
     0 | D:1      | Reached XP level 1. HP: 20/20 MP: 0/0
   332 | D:1      | Reached XP level 2. HP: 28/28 MP: 1/1
  1423 | D:2      | Reached skill level 5 in Throwing
  1423 | D:2      | Reached XP level 3. HP: 21/36 MP: 2/2
  1693 | D:2      | Noticed Jessica
  1695 | D:2      | Killed Jessica
  1707 | D:2      | Found a shimmering altar of Xom.
  1776 | D:2      | Reached skill level 1 in Stealth
  1776 | D:2      | Reached XP level 4. HP: 9/44 MP: 3/3
  2392 | D:3      | Noticed an ogre
  2395 | D:3      | Killed an ogre
  2395 | D:3      | Reached XP level 5. HP: 52/52 MP: 4/4
  3013 | D:4      | Found a glowing silver altar of Zin.
  3036 | D:4      | Found an ancient bone altar of Kikubaaqudgha.
  3093 | D:4      | Reached XP level 6. HP: 59/59 MP: 5/5
  3394 | D:4      | Learned a level 1 spell: Corona
  3462 | D:5      | Entered Level 5 of the Dungeon
  3495 | D:5      | Found a staircase to the Ecumenical Temple.
  3503 | Temple   | Entered the Ecumenical Temple
  3561 | D:5      | Noticed Menkaure
  3569 | D:5      | Killed Menkaure
  3569 | D:5      | Reached XP level 7. HP: 34/67 MP: 6/6
  3731 | D:5      | Found a shattered altar of Ashenzari.
  3734 | D:5      | Found a sparkling altar of Nemelex Xobeh.
  3737 | D:5      | Found an iron altar of Okawaru.
  3743 | D:5      | Became a worshipper of Warmaster Okawaru
  3882 | D:5      | Reached skill level 5 in Dodging
  4074 | D:5      | Noticed Eustachio
  4083 | D:5      | Killed Eustachio
  4107 | D:5      | Found a snail-covered altar of Cheibriados.
  4153 | D:5      | Acquired Okawaru's first power
  4272 | D:6      | Reached skill level 5 in Maces & Flails
  4272 | D:6      | Reached XP level 8. HP: 72/76 MP: 7/7
  4514 | D:6      | Reached skill level 5 in Fighting
  4996 | D:7      | Reached skill level 6 in Throwing
  5044 | D:7      | Paralysed by a giant eyeball for 4 turns
  5051 | D:7      | Paralysed by a giant eyeball for 4 turns
  5271 | D:7      | Reached XP level 9. HP: 75/85 MP: 8/8
  5271 | D:7      | Reached skill level 7 in Dodging
  5384 | D:7      | Reached skill level 8 in Dodging
  5395 | D:7      | Gained mutation: You are partially covered in molten scales (AC +1). [potion of mutation]
  5395 | D:7      | Gained mutation: You are resistant to electric shocks. [potion of mutation]
  5395 | D:7      | Gained mutation: Space occasionally distorts in your vicinity. [potion of mutation]
  5403 | D:7      | Noticed Ijyb
  5428 | D:7      | Killed Ijyb
  5684 | D:7      | Found a staircase to the Orcish Mines.
  6468 | D:8      | Noticed Erolcha
  6479 | D:8      | Killed Erolcha
  6479 | D:8      | Reached skill level 9 in Dodging
  6479 | D:8      | Reached XP level 10. HP: 65/96 MP: 9/9
  7202 | D:9      | HP: 2/96 [yak (13)]
  7213 | D:9      | HP: 1/96 [yak (4)]
  7253 | D:9      | Noticed Dowan
  7255 | D:9      | Noticed Duvessa
  7265 | D:10     | Entered Level 10 of the Dungeon
  7470 | D:10     | HP: 4/96 [trapdoor spider (11)]
  7770 | D:9      | Killed Duvessa
  7779 | D:9      | Killed Dowan
  8071 | D:10     | Found a staircase to the Lair.
  8456 | D:10     | Reached skill level 10 in Dodging
  8628 | D:10     | Received a gift from Okawaru
  8661 | D:10     | Found Lubum's Magic Scroll Emporium.
  8678 | D:10     | Bought a scroll of acquirement for 572 gold pieces
  8694 | D:10     | Killed an unseen horror
  8840 | D:10     | Reached skill level 1 in Invocations
  8925 | Lair:1   | Entered Level 1 of the Lair of Beasts
  8934 | Lair:1   | Reached XP level 11. HP: 84/105 MP: 12/12
  9285 | Lair:1   | Acquired Okawaru's second power
 10909 | Lair:3   | Received a gift from Okawaru
 11573 | Lair:3   | Reached skill level 10 in Maces & Flails
 11573 | Lair:3   | Reached skill level 1 in Shields
 11607 | Lair:3   | Found a blossoming altar of Fedhas.
 11981 | Lair:3   | Reached skill level 11 in Dodging
 12011 | Lair:3   | Reached skill level 10 in Throwing
 12121 | Lair:4   | Received a gift from Okawaru
 12418 | Lair:4   | Received a gift from Okawaru
 12433 | Lair:4   | Reached XP level 12. HP: 62/115 MP: 13/13
 12463 | Lair:4   | HP: 5/115 [porcupine's spines (9)]
 12476 | Lair:4   | HP: 3/115 [porcupine's spines (6)]
 12502 | Lair:4   | Received a gift from Okawaru
 13013 | Lair:4   | Reached skill level 5 in Shields
 13081 | Lair:4   | Received a gift from Okawaru
 13084 | Lair:4   | Got a ripped robe {god gift}
 13090 | Lair:4   | Identified the +3 robe of Okawaru's Delight {Str-3 Dex+2} (Okawaru gifted it to you on level 4 of the Lair of Beasts)
 13447 | Lair:5   | Got a wavering marble ring
 13450 | Lair:5   | Identified the ring "Hymun" {rN+ AC+4} (You found it on level 5 of the Lair of Beasts)
 13572 | Lair:5   | HP: 5/115 [poisoned by a queen ant]
 13576 | Lair:5   | HP: 2/115 [poisoned by a queen ant]
 13580 | Lair:5   | Succumbed to a queen ant's poison

Action                   |  1- 3 |  4- 6 |  7- 9 | 10-12 || total
-------------------------+-------+-------+-------+-------++-------
Melee: Club              |   117 |    30 |       |       ||   147
       Mace              |       |   100 |   419 |   605 ||  1124
Throw: Large rock        |     3 |     9 |    49 |   131 ||   192
       Throwing net      |       |       |     1 |     1 ||     2
       Tomahawk          |       |       |    10 |    51 ||    61
Invok: Heroism           |       |       |     1 |     4 ||     5
  Use: Scroll            |     2 |       |    15 |    22 ||    39
       Potion            |       |       |    13 |     6 ||    19
 Stab: Sleeping          |       |     2 |     2 |     1 ||     5
       Held in net/web   |       |       |       |     1 ||     1
       Invisible         |       |       |       |     1 ||     1
